Sharks vs Canucks

Created - 20 janvier 2022 at 16:09

Goals
1 2 3 OT1 T
Sharks 1 0 2 0 3
Canucks 2 0 1 1 4
Shots
1 2 3 OT1 T
Sharks 14 8 16 3 41
Canucks 7 9 10 1 27

GoalsPenalties
1st period
1. Canucks , Adam Brooks 1 (Christian Fischer 6) at 7:27
2. Sharks , Philippe Myers 5 (Cal Clutterbuck 5, Tyler Pitlick 10) at 7:54
3. Canucks , Anthony Beauvillier 16 (Artem Zub 19, Quinton Byfield 4) at 8:07
J.T. Compher (SAN) for Diving (Minor) at 0:07
Adrian Kempe (VAN) for Goalie Interference (Minor) at 12:16
Marcus Foligno (SAN) for Hooking (Minor) at 14:21
2nd period
No Goal
Quinton Byfield (VAN) for Fighting (Major) at 0:33
Erik Johnson (SAN) for Fighting (Major) at 0:33
Quinton Byfield (VAN) for instigated a fight (Game Misconduct) at 0:33
Anthony Beauvillier (VAN) for Roughing (Minor) at 0:33
Alexander Kerfoot (VAN) for Slashing (Minor) at 0:33
Chandler Stephenson (SAN) for Slashing (Double Minor) at 0:33
Ryan Strome (SAN) for Roughing (Minor) at 0:33
Artem Zub (VAN) for Tripping (Minor) at 0:33
William Nylander (SAN) for Roughing (Minor) at 7:25
Alex Pietrangelo (SAN) for Tripping (Minor) at 10:27
Alexander Romanov (VAN) for Roughing (Minor) at 13:04
3rd period
4. Sharks , Ryan Strome 17 (Erik Johnson 14, Chandler Stephenson 17) at 5:53
5. Sharks , Chandler Stephenson 15 (Nate Schmidt 15, Alex Pietrangelo 29) at 10:20
6. Canucks , P.K. Subban 5 (Brock Nelson 11) at 19:48
P.K. Subban (VAN) for Diving (Minor) at 1:43
Alex Pietrangelo (SAN) for Holding (Minor) at 13:33
Dakota Mermis (VAN) for Hooking (Minor) at 15:55
Overtime #1
7. Canucks , Jack Hughes 11 (P.K. Subban 17, Anthony Beauvillier 13) at 1:45
No Penalty
Goalie Stats
Mike Smith (SAN), 23 saves from 27 shots - (0,852), OTL, 25-12-3, 61:46 minutes
Marc-Andre Fleury (VAN), 38 saves from 41 shots - (0,927), W, 15-21-1, 61:29 minutes
3 StarsOfficial
1 - P.K. Subban (VAN)
2 - Jack Hughes (VAN)
3 - Anthony Beauvillier (VAN)
Referees : Eric Furlatt and Dan O'Halloran
Linesman : Thor Nelson and Brandon Gawryletz
Game Note
General Fight at 0:33 of 2nd period
Quinton Byfield beats up Erik Johnson at 0:33 of 2nd period
Quinton Byfield (VAN) for instigated a fight (Game Misconduct) at 0:33
Quinton Byfield ejected from game at 0:33 of 2nd period



Team Name Goals Shots Shots Attemp Shots Blocked PIM HIT PP PK FO%
Sharks 34190621210 / 6 (0%)055%
Canucks 427521831300 / 6 (0%)045%

Sharks
Player Name POS G A P +/- PIM HIT SHT SB MP PP MP PP SHT PK MP PK SHT FO% FOT
Alex PietrangeloD011-2404126:385:4124:1600% 0
Blake ColemanC/LW/RW000-1033119:304:1625:5700% 0
Cal ClutterbuckRW011102104:180:0000:0000% 0
Chandler StephensonC/LW1120404015:263:2500:00080% 5
Erik JohnsonD0110501120:353:2815:0900% 0
J.T. CompherC/LW/RW000-1215021:554:1634:52042% 12
Jack EichelC00000011019:456:1300:00047% 34
Joel EdmundsonD0000040218:160:1205:4500% 0
Luke GlendeningC/RW000-1003015:470:0005:58159% 17
Marcus FolignoLW/RW000022109:510:0000:50067% 3
Nate SchmidtD011-1011125:386:1015:2100% 0
Nic DowdC/RW0001010011:050:1705:58073% 15
Philippe MyersD1011021012:210:0000:1700% 0
Ryan StromeC/RW101-1212012:310:0000:15059% 22
Tyler PitlickC/LW/RW011100404:180:0000:0000% 0
Vladimir TarasenkoRW000-1040018:155:3900:0000% 1
Vladislav GavrikovD0001000018:154:1903:0200% 0
William NylanderC/LW/RW0000200018:515:3900:0000% 2
Canucks
Player Name POS G A P +/- PIM HIT SHT SB MP PP MP PP SHT PK MP PK SHT FO% FOT
Adam BrooksC101000105:590:0000:00033% 6
Adrian KempeC/LW/RW0001222021:155:2903:34067% 3
Alexander KerfootC/LW/RW000-1215017:536:2620:00034% 35
Alexander RomanovD0000240410:470:0000:0000% 0
Anthony BeauvillierLW1120221323:096:2604:25067% 9
Artem ZubD011-1231422:525:3514:1200% 0
Arttu RuotsalainenC0000012010:330:0000:00050% 14
Austin WagnerLW/RW000002005:590:0000:0000% 0
Brock NelsonC/LW011-1022026:325:2924:17049% 37
Christian FischerRW0110020012:356:2600:0000% 2
Dakota MermisD0000230013:050:0002:1800% 0
David BackesC/RW0000031011:430:0001:1000% 0
Ian ColeD000-1001524:085:3515:2700% 0
Jack HughesC/LW/RW1012015020:355:2924:25060% 5
Jared SpurgeonD0001012226:196:2024:2800% 0
P.K. SubbanD1122233024:316:2013:2500% 0
Quinton ByfieldC0111170104:480:0000:0000% 0
Trevor MooreC/LW/RW0000000010:330:0000:0000% 0

Sharks

5 vs 5 Forward
Line #Left WingCenterRight WingPHYDFOFWanted %Time %Time Play
1J.T. CompherJack EichelVladimir Tarasenko1133432%12:01
2Chandler StephensonRyan StromeWilliam Nylander1223032%12:02
3Blake ColemanLuke GlendeningMarcus Foligno1222424%9:02
4Cal ClutterbuckNic DowdTyler Pitlick1311212%4:18
5 vs 5 Defense
Line #DefenseDefensePHYDFOFWanted %Time %Time Play
1Nate SchmidtAlex Pietrangelo1223432%11:54
2Erik JohnsonVladislav Gavrikov1223031%11:42
3Joel EdmundsonPhilippe Myers1312232%12:04
4Nate SchmidtAlex Pietrangelo122145%1:43
Power Play Forward
Line #Left WingCenterRight WingPHYDFOFWanted %Time %Time Play
1William NylanderJack EichelVladimir Tarasenko1136057%5:39
2Blake ColemanChandler StephensonJ.T. Compher1134043%4:16
Power Play Defense
Line #DefenseDefensePHYDFOFWanted %Time %Time Play
1Nate SchmidtAlex Pietrangelo1136056%5:36
2Vladislav GavrikovErik Johnson1134044%4:19
Penalty Kill 4 Players Forward
Line #CenterWingPHYDFOFWanted %Time %Time Play
1J.T. CompherBlake Coleman1315050%5:57
2Nic DowdLuke Glendening1315050%5:58
Penalty Kill 4 Players Defense
Line #DefenseDefensePHYDFOFWanted %Time %Time Play
1Erik JohnsonAlex Pietrangelo1315056%6:39
2Joel EdmundsonNate Schmidt1315044%5:16
Penalty Kill 3 Players
Line #WingPHYDFOFWanted %Time %Time PlayDefenseDefensePHYDFOFWanted %Time %Time Play
1J.T. Compher050500%0:00 Erik JohnsonAlex Pietrangelo050500%0:00
2Nic Dowd050500%0:00 Joel EdmundsonNate Schmidt050500%0:00
4 vs 4 Forward
Line #CenterWingPHYDFOFWanted %Time %Time Play
1Jack EichelWilliam Nylander122500%0:00
2Chandler StephensonVladimir Tarasenko122500%0:00
4 vs 4 Defense
Line #DefensePHYDFOFWanted %Time %Time Play
1Alex PietrangeloErik Johnson122500%0:00
2Nate SchmidtVladislav Gavrikov122500%0:00
Last Minutes Offensive
Left WingCenterRight WingDefenseDefense
William NylanderJack EichelVladimir TarasenkoNate SchmidtAlex Pietrangelo
Last Minutes Defensive
Left WingCenterRight WingDefenseDefense
J.T. CompherLuke GlendeningNic DowdErik JohnsonAlex Pietrangelo
Time
Total ForwardTotal DefenseLast Minutes OffensiveLast Minutes Defensive
60:00 60:00 0:000:47
Extra Forwards
Normal PowerPlayPenalty Kill
Blake Coleman, Cal Clutterbuck, J.T. CompherJ.T. Compher, Blake ColemanMarcus Foligno
Extra Defensemen
Normal PowerPlayPenalty Kill
Erik Johnson, Vladislav Gavrikov, Nate SchmidtErik Johnson, Vladislav GavrikovNate Schmidt
Penalty Shots
Jack Eichel, William Nylander, Vladimir Tarasenko, J.T. Compher, Cal Clutterbuck
Goalie
Mike Smith, Carter Hart
Custom OT Lines Forwards
Jack Eichel, William Nylander, Vladimir Tarasenko, Ryan Strome, J.T. Compher, Chandler Stephenson, Marcus Foligno, Cal Clutterbuck, Blake Coleman, Nic Dowd
Custom OT Lines Defensemen
Alex Pietrangelo, Joel Edmundson, Nate Schmidt, Vladislav Gavrikov, Erik Johnson
Scratches
Zane McIntyre (Healthy)

Canucks

5 vs 5 Forward
Line #Left WingCenterRight WingPHYDFOFWanted %Time %Time Play
1Adrian KempeBrock NelsonJack Hughes1044025%9:32
2Anthony BeauvillierAlexander KerfootQuinton Byfield1043031%11:28
3Trevor MooreArttu RuotsalainenDavid Backes1042028%10:33
4Austin WagnerAdam BrooksChristian Fischer1041016%5:59
5 vs 5 Defense
Line #DefenseDefensePHYDFOFWanted %Time %Time Play
1Jared SpurgeonP.K. Subban3203027%10:15
2Artem ZubIan Cole3203035%13:06
3Alexander RomanovDakota Mermis3202429%10:48
4Jared SpurgeonP.K. Subban320169%3:23
Power Play Forward
Line #Left WingCenterRight WingPHYDFOFWanted %Time %Time Play
1Adrian KempeBrock NelsonJack Hughes0055046%5:29
2Anthony BeauvillierAlexander KerfootChristian Fischer0055054%6:26
Power Play Defense
Line #DefenseDefensePHYDFOFWanted %Time %Time Play
1Jared SpurgeonP.K. Subban0055053%6:20
2Artem ZubIan Cole0055047%5:35
Penalty Kill 4 Players Forward
Line #CenterWingPHYDFOFWanted %Time %Time Play
1Brock NelsonAdrian Kempe1225044%3:31
2Anthony BeauvillierJack Hughes1225056%4:25
Penalty Kill 4 Players Defense
Line #DefenseDefensePHYDFOFWanted %Time %Time Play
1Jared SpurgeonP.K. Subban1225047%3:44
2Artem ZubIan Cole1225053%4:12
Penalty Kill 3 Players
Line #WingPHYDFOFWanted %Time %Time PlayDefenseDefensePHYDFOFWanted %Time %Time Play
1Brock Nelson1225039%0:46 Jared SpurgeonP.K. Subban1225037%0:44
2Adrian Kempe1225061%1:13 Artem ZubIan Cole1225063%1:15
4 vs 4 Forward
Line #CenterWingPHYDFOFWanted %Time %Time Play
1Brock NelsonAdrian Kempe122500%0:00
2Anthony BeauvillierJack Hughes122500%0:00
4 vs 4 Defense
Line #DefensePHYDFOFWanted %Time %Time Play
1Jared SpurgeonP.K. Subban122500%0:00
2Artem ZubIan Cole122500%0:00
Last Minutes Offensive
Left WingCenterRight WingDefenseDefense
Adrian KempeBrock NelsonJack HughesJared SpurgeonP.K. Subban
Last Minutes Defensive
Left WingCenterRight WingDefenseDefense
Adrian KempeBrock NelsonJack HughesJared SpurgeonP.K. Subban
Time
Total ForwardTotal DefenseLast Minutes OffensiveLast Minutes Defensive
60:00 60:00 0:380:00
Extra Forwards
Normal PowerPlayPenalty Kill
Brock Nelson, Adrian Kempe, Alexander KerfootAdam Brooks, Arttu RuotsalainenDavid Backes
Extra Defensemen
Normal PowerPlayPenalty Kill
Alexander Romanov, Dakota Mermis, Artem ZubAlexander Romanov, Dakota MermisArtem Zub
Penalty Shots
Brock Nelson, Adrian Kempe, Anthony Beauvillier, Jack Hughes, Alexander Kerfoot
Goalie
Marc-Andre Fleury, Ilya Sorokin
Custom OT Lines Forwards
Brock Nelson, Adrian Kempe, Anthony Beauvillier, Jack Hughes, Alexander Kerfoot, Christian Fischer, Arttu Ruotsalainen, David Backes, Quinton Byfield, Trevor Moore
Custom OT Lines Defensemen
Jared Spurgeon, P.K. Subban, Artem Zub, Ian Cole, Alexander Romanov
Scratches
Sam Gagner (Healthy), Michael Frolik (Healthy), Thomas Hickey (Healthy)


Play-by-Play

1st period


0:01 of 1st period - Brock Nelson wins face-off versus Jack Eichel in neutral zone.
0:07 of 1st period - Minor Penalty to J.T. Compher for Diving.
0:08 of 1st period - Brock Nelson wins face-off versus Marcus Foligno in Sharks zone.
0:45 of 1st period - Shot by Jack Hughes.
0:45 of 1st period - Stopped by Mike Smith without a rebound.
0:46 of 1st period - Marcus Foligno wins face-off versus Alexander Kerfoot in Sharks zone.
0:46 of 1st period - Blake Coleman is hit by Christian Fischer and loses puck.
1:31 of 1st period - Artem Zub is hit by Blake Coleman and loses puck.
2:00 of 1st period - Adrian Kempe is hit by Joel Edmundson and loses puck.
2:10 of 1st period - Icing by Vladislav Gavrikov.
2:11 of 1st period - Jack Eichel wins face-off versus Arttu Ruotsalainen in Sharks zone.
2:11 of 1st period - Erik Johnson is hit by David Backes and loses puck.
2:18 of 1st period - Shot by Vladimir Tarasenko.
2:18 of 1st period - Shot Misses the Net.
2:23 of 1st period - Jack Eichel is hit by Dakota Mermis and loses puck.
2:36 of 1st period - Shot by Jack Eichel.
2:36 of 1st period - Stopped by Marc-Andre Fleury with a rebound.
2:38 of 1st period - Shot by Vladislav Gavrikov.
2:38 of 1st period - Deflect By Jack Eichel.
2:38 of 1st period - Shot Misses the Net.
2:43 of 1st period - Vladimir Tarasenko is hit by Dakota Mermis and loses puck.
3:02 of 1st period - Shot by Chandler Stephenson.
3:02 of 1st period - Shot Misses the Net.
3:20 of 1st period - Shot by William Nylander.
3:20 of 1st period - Shot Misses the Net.
3:22 of 1st period - Shot by Alex Pietrangelo.
3:22 of 1st period - Stopped by Marc-Andre Fleury without a rebound.
3:23 of 1st period - Brock Nelson wins face-off versus Luke Glendening in Canucks zone.
3:23 of 1st period - Brock Nelson is hit by Blake Coleman.
3:37 of 1st period - Shot by Blake Coleman.
3:37 of 1st period - Shot Blocked by Jared Spurgeon.
3:39 of 1st period - Shot by Blake Coleman.
3:39 of 1st period - Shot Misses the Net.
3:43 of 1st period - Shot by Blake Coleman.
3:43 of 1st period - Shot Misses the Net.
3:45 of 1st period - Shot by Luke Glendening.
3:45 of 1st period - Stopped by Marc-Andre Fleury without a rebound.
3:46 of 1st period - Alexander Kerfoot wins face-off versus Ryan Strome in Canucks zone.
3:57 of 1st period - Shot by Anthony Beauvillier.
3:57 of 1st period - Shot Blocked by Nate Schmidt.
4:17 of 1st period - Shot by William Nylander.
4:17 of 1st period - Shot Blocked by Ian Cole.
4:19 of 1st period - Shot by Alex Pietrangelo.
4:19 of 1st period - Stopped by Marc-Andre Fleury without a rebound.
4:20 of 1st period - Luke Glendening wins face-off versus Brock Nelson in Canucks zone.
5:24 of 1st period - Icing by Ian Cole.
5:25 of 1st period - Jack Eichel wins face-off versus Alexander Kerfoot in Canucks zone.
5:32 of 1st period - Shot by Jack Eichel.
5:32 of 1st period - Shot Blocked by Ian Cole.
5:39 of 1st period - Icing by Anthony Beauvillier.
5:40 of 1st period - Alexander Kerfoot wins face-off versus Nic Dowd in Canucks zone.
5:40 of 1st period - Alexander Kerfoot is hit by Cal Clutterbuck.
6:00 of 1st period - Shot by Quinton Byfield.
6:00 of 1st period - Stopped by Mike Smith with a rebound.
6:09 of 1st period - Icing by Ian Cole.
6:10 of 1st period - Alexander Kerfoot wins face-off versus Vladimir Tarasenko in Canucks zone.
7:27 of 1st period - Shot by Christian Fischer.
7:27 of 1st period - Deflect By Adam Brooks.
7:27 of 1st period - Goal by Adam Brooks - Sharks : 0 - Canucks : 1.
7:28 of 1st period - Nic Dowd wins face-off versus Adam Brooks in neutral zone.
7:30 of 1st period - Cal Clutterbuck is hit by Alexander Romanov and loses puck.
7:52 of 1st period - Shot by Cal Clutterbuck.
7:52 of 1st period - Shot Misses the Net.
7:54 of 1st period - Shot by Philippe Myers.
7:54 of 1st period - Goal by Philippe Myers - Sharks : 1 - Canucks : 1.
7:55 of 1st period - Alexander Kerfoot wins face-off versus Ryan Strome in neutral zone.
8:07 of 1st period - Shot by Anthony Beauvillier.
8:07 of 1st period - Goal by Anthony Beauvillier - Sharks : 1 - Canucks : 2.
8:08 of 1st period - Brock Nelson wins face-off versus Luke Glendening in neutral zone.
8:23 of 1st period - Shot by Marcus Foligno.
8:23 of 1st period - Shot Misses the Net.
9:53 of 1st period - Icing by Anthony Beauvillier.
9:54 of 1st period - Alexander Kerfoot wins face-off versus Jack Eichel in Canucks zone.
9:54 of 1st period - Alexander Kerfoot is hit by Vladimir Tarasenko.
9:57 of 1st period - Icing by Anthony Beauvillier.
9:58 of 1st period - Jack Eichel wins face-off versus Alexander Kerfoot in Canucks zone.
10:09 of 1st period - Shot by Vladimir Tarasenko.
10:09 of 1st period - Deflect By Jack Eichel.
10:09 of 1st period - Stopped by Marc-Andre Fleury with a rebound.
10:19 of 1st period - Shot by Jack Eichel.
10:19 of 1st period - Stopped by Marc-Andre Fleury without a rebound.
10:20 of 1st period - Brock Nelson wins face-off versus Nic Dowd in Canucks zone.
10:43 of 1st period - Off-side.
10:44 of 1st period - Arttu Ruotsalainen wins face-off versus Jack Eichel in neutral zone.
10:47 of 1st period - Nate Schmidt is hit by David Backes and loses puck.
11:28 of 1st period - Shot by Jack Eichel.
11:28 of 1st period - Stopped by Marc-Andre Fleury with a rebound.
11:38 of 1st period - Shot by William Nylander.
11:38 of 1st period - Deflect By Chandler Stephenson.
11:38 of 1st period - Stopped by Marc-Andre Fleury without a rebound.
11:39 of 1st period - Ryan Strome wins face-off versus Brock Nelson in Canucks zone.
11:43 of 1st period - Icing by Jared Spurgeon.
11:44 of 1st period - Ryan Strome wins face-off versus Brock Nelson in Canucks zone.
11:44 of 1st period - Ryan Strome is hit by Jared Spurgeon.
11:46 of 1st period - Shot by Chandler Stephenson.
11:46 of 1st period - Stopped by Marc-Andre Fleury without a rebound.
11:47 of 1st period - Brock Nelson wins face-off versus Ryan Strome in Canucks zone.
11:47 of 1st period - Brock Nelson is hit by Ryan Strome.
11:57 of 1st period - Shot by Ryan Strome.
11:57 of 1st period - Shot Misses the Net.
12:16 of 1st period - Minor Penalty to Adrian Kempe for Goalie Interference.
12:17 of 1st period - Anthony Beauvillier wins face-off versus Jack Eichel in Canucks zone.
12:29 of 1st period - Icing by Vladimir Tarasenko.
12:30 of 1st period - Jack Eichel wins face-off versus Brock Nelson in Sharks zone.
13:07 of 1st period - Shot by Jack Eichel.
13:07 of 1st period - Shot Misses the Net.
13:29 of 1st period - Shot by Chandler Stephenson.
13:29 of 1st period - Shot Misses the Net.
13:33 of 1st period - Shot by J.T. Compher.
13:33 of 1st period - Shot Misses the Net.
13:35 of 1st period - Shot by Blake Coleman.
13:35 of 1st period - Deflect By J.T. Compher.
13:35 of 1st period - Shot Misses the Net.
13:37 of 1st period - Shot by J.T. Compher.
13:37 of 1st period - Stopped by Marc-Andre Fleury without a rebound.
13:38 of 1st period - Chandler Stephenson wins face-off versus Anthony Beauvillier in Canucks zone.
13:45 of 1st period - Shot by Chandler Stephenson.
13:45 of 1st period - Shot Blocked by Jared Spurgeon.
13:47 of 1st period - Shot by Chandler Stephenson.
13:47 of 1st period - Deflect By Blake Coleman.
13:47 of 1st period - Stopped by Marc-Andre Fleury without a rebound.
13:48 of 1st period - Anthony Beauvillier wins face-off versus Jack Eichel in Canucks zone.
13:59 of 1st period - Jared Spurgeon is hit by Vladimir Tarasenko and loses puck.
14:16 of 1st period - Shot by Jack Eichel.
14:16 of 1st period - Stopped by Marc-Andre Fleury without a rebound.
14:17 of 1st period - Luke Glendening wins face-off versus Alexander Kerfoot in Canucks zone.
14:20 of 1st period - Shot by Luke Glendening.
14:20 of 1st period - Shot Blocked by Ian Cole.
14:21 of 1st period - Minor Penalty to Marcus Foligno for Hooking.
14:22 of 1st period - Nic Dowd wins face-off versus Alexander Kerfoot in Sharks zone.
14:43 of 1st period - Shot by Artem Zub.
14:43 of 1st period - Shot Misses the Net.
14:55 of 1st period - Shot by Artem Zub.
14:55 of 1st period - Stopped by Mike Smith without a rebound.
14:56 of 1st period - Nic Dowd wins face-off versus Brock Nelson in Sharks zone.
15:21 of 1st period - Shot by Jared Spurgeon.
15:21 of 1st period - Stopped by Mike Smith without a rebound.
15:22 of 1st period - J.T. Compher wins face-off versus Alexander Kerfoot in Sharks zone.
15:28 of 1st period - Icing by Artem Zub.
15:29 of 1st period - J.T. Compher wins face-off versus Alexander Kerfoot in Canucks zone.
15:40 of 1st period - Shot by Anthony Beauvillier.
15:40 of 1st period - Shot Misses the Net.
16:27 of 1st period - Off-side.
16:28 of 1st period - Brock Nelson wins face-off versus Ryan Strome in neutral zone.
16:53 of 1st period - Icing by Vladislav Gavrikov.
16:54 of 1st period - Ryan Strome wins face-off versus Arttu Ruotsalainen in Sharks zone.
16:54 of 1st period - Ryan Strome is hit by David Backes.
17:32 of 1st period - Off-side.
17:33 of 1st period - Jack Eichel wins face-off versus Brock Nelson in neutral zone.
18:14 of 1st period - Shot by Jack Eichel.
18:14 of 1st period - Stopped by Marc-Andre Fleury without a rebound.
18:15 of 1st period - Marcus Foligno wins face-off versus Alexander Kerfoot in Canucks zone.
18:23 of 1st period - Off-side.
18:24 of 1st period - Luke Glendening wins face-off versus Alexander Kerfoot in neutral zone.
18:48 of 1st period - Icing by Ian Cole.
18:49 of 1st period - J.T. Compher wins face-off versus Alexander Kerfoot in Canucks zone.
19:11 of 1st period - Shot by J.T. Compher.
19:11 of 1st period - Shot Misses the Net.
19:47 of 1st period - Shot by Jack Hughes.
19:47 of 1st period - Stopped by Mike Smith without a rebound.
19:48 of 1st period - Ryan Strome wins face-off versus Adam Brooks in Sharks zone.
Goals for this period are 1 for Sharks vs 2 for Canucks.
Shots for this period are 14 for Sharks vs 7 for Canucks.

2nd period


0:01 of 2nd period - Luke Glendening wins face-off versus Brock Nelson in neutral zone.
0:20 of 2nd period - Shot by Luke Glendening.
0:20 of 2nd period - Stopped by Marc-Andre Fleury without a rebound.
0:21 of 2nd period - Ryan Strome wins face-off versus Alexander Kerfoot in Canucks zone.
0:30 of 2nd period - Shot by William Nylander.
0:30 of 2nd period - Shot Misses the Net.
0:33 of 2nd period - Quinton Byfield beats up Erik Johnson.
0:33 of 2nd period - Penalty to Quinton Byfield for Fighting.
0:33 of 2nd period - Penalty to Erik Johnson for Fighting.
0:33 of 2nd period - Penalty to Quinton Byfield for instigated a fight.
0:33 of 2nd period - Quinton Byfield is ejected from game.
0:33 of 2nd period - Minor Penalty to Anthony Beauvillier for Roughing.
0:33 of 2nd period - Minor Penalty to Alexander Kerfoot for Slashing.
0:33 of 2nd period - Double Minor Penalty to Chandler Stephenson for Slashing.
0:33 of 2nd period - Minor Penalty to Ryan Strome for Roughing.
0:33 of 2nd period - Minor Penalty to Artem Zub for Tripping.
0:34 of 2nd period - Brock Nelson wins face-off versus Jack Eichel in Canucks zone.
0:42 of 2nd period - Icing by Jack Eichel.
0:43 of 2nd period - Jack Eichel wins face-off versus Brock Nelson in Sharks zone.
1:53 of 2nd period - Shot by Blake Coleman.
1:53 of 2nd period - Stopped by Marc-Andre Fleury without a rebound.
1:54 of 2nd period - Brock Nelson wins face-off versus Jack Eichel in Canucks zone.
1:54 of 2nd period - Brock Nelson is hit by Blake Coleman.
2:58 of 2nd period - Icing by Alexander Kerfoot.
2:59 of 2nd period - Anthony Beauvillier wins face-off versus J.T. Compher in Canucks zone.
3:06 of 2nd period - Shot by P.K. Subban.
3:06 of 2nd period - Shot Misses the Net.
3:29 of 2nd period - Icing by Anthony Beauvillier.
3:30 of 2nd period - Nic Dowd wins face-off versus Alexander Kerfoot in Canucks zone.
3:47 of 2nd period - Ian Cole is hit by Nic Dowd and loses puck.
3:56 of 2nd period - Shot by Luke Glendening.
3:56 of 2nd period - Stopped by Marc-Andre Fleury with a rebound.
3:58 of 2nd period - Shot by Nic Dowd.
3:58 of 2nd period - Shot Blocked by Artem Zub.
4:42 of 2nd period - Shot by Chandler Stephenson.
4:42 of 2nd period - Deflect By Ryan Strome.
4:42 of 2nd period - Shot Blocked by Alexander Romanov.
4:44 of 2nd period - Shot by Chandler Stephenson.
4:44 of 2nd period - Deflect By William Nylander.
4:44 of 2nd period - Shot Misses the Net.
4:46 of 2nd period - Shot by Philippe Myers.
4:46 of 2nd period - Shot Misses the Net.
5:44 of 2nd period - Shot by Alexander Kerfoot.
5:44 of 2nd period - Stopped by Mike Smith without a rebound.
5:45 of 2nd period - Luke Glendening wins face-off versus Adam Brooks in Sharks zone.
6:05 of 2nd period - Blake Coleman is hit by Austin Wagner and loses puck.
6:22 of 2nd period - Shot by Blake Coleman.
6:22 of 2nd period - Stopped by Marc-Andre Fleury with a rebound.
7:25 of 2nd period - Minor Penalty to William Nylander for Roughing.
7:26 of 2nd period - Brock Nelson wins face-off versus J.T. Compher in Sharks zone.
7:39 of 2nd period - Shot by Jared Spurgeon.
7:39 of 2nd period - Stopped by Mike Smith without a rebound.
7:40 of 2nd period - Brock Nelson wins face-off versus J.T. Compher in Sharks zone.
8:00 of 2nd period - Shot by Adrian Kempe.
8:00 of 2nd period - Deflect By Jack Hughes.
8:00 of 2nd period - Shot Blocked by Erik Johnson.
8:17 of 2nd period - Off-side.
8:18 of 2nd period - Alexander Kerfoot wins face-off versus Nic Dowd in neutral zone.
8:23 of 2nd period - Shot by P.K. Subban.
8:23 of 2nd period - Stopped by Mike Smith without a rebound.
8:24 of 2nd period - Nic Dowd wins face-off versus Alexander Kerfoot in Sharks zone.
9:29 of 2nd period - Off-side.
9:30 of 2nd period - Ryan Strome wins face-off versus Arttu Ruotsalainen in neutral zone.
9:30 of 2nd period - William Nylander is hit by Arttu Ruotsalainen and loses puck.
9:54 of 2nd period - Shot by Ryan Strome.
9:54 of 2nd period - Shot Misses the Net.
9:56 of 2nd period - Shot by Chandler Stephenson.
9:56 of 2nd period - Stopped by Marc-Andre Fleury without a rebound.
9:57 of 2nd period - Adrian Kempe wins face-off versus Jack Eichel in Canucks zone.
10:08 of 2nd period - Nate Schmidt is hit by Adrian Kempe and loses puck.
10:16 of 2nd period - Icing by Nate Schmidt.
10:17 of 2nd period - Alexander Kerfoot wins face-off versus Jack Eichel in Sharks zone.
10:17 of 2nd period - Artem Zub is hit by Nate Schmidt and loses puck.
10:27 of 2nd period - Minor Penalty to Alex Pietrangelo for Tripping.
10:28 of 2nd period - Nic Dowd wins face-off versus Christian Fischer in Sharks zone.
10:34 of 2nd period - Icing by Alexander Kerfoot.
10:35 of 2nd period - Nic Dowd wins face-off versus Alexander Kerfoot in Canucks zone.
10:50 of 2nd period - Shot by Anthony Beauvillier.
10:50 of 2nd period - Shot Misses the Net.
10:52 of 2nd period - Shot by Alexander Kerfoot.
10:52 of 2nd period - Stopped by Mike Smith with a rebound.
11:29 of 2nd period - Shot by Luke Glendening.
11:29 of 2nd period - Shot Misses the Net.
11:39 of 2nd period - Shot by Jack Hughes.
11:39 of 2nd period - Stopped by Mike Smith with a rebound.
11:41 of 2nd period - Shot by Artem Zub.
11:41 of 2nd period - Shot Misses the Net.
11:49 of 2nd period - Shot by Brock Nelson.
11:49 of 2nd period - Deflect By Adrian Kempe.
11:49 of 2nd period - Shot Misses the Net.
11:51 of 2nd period - Shot by Brock Nelson.
11:51 of 2nd period - Stopped by Mike Smith without a rebound.
11:52 of 2nd period - Brock Nelson wins face-off versus J.T. Compher in Sharks zone.
11:52 of 2nd period - Adrian Kempe is hit by Joel Edmundson and loses puck.
12:06 of 2nd period - Shot by Ian Cole.
12:06 of 2nd period - Stopped by Mike Smith without a rebound.
12:07 of 2nd period - J.T. Compher wins face-off versus Alexander Kerfoot in Sharks zone.
12:21 of 2nd period - Shot by Alexander Kerfoot.
12:21 of 2nd period - Stopped by Mike Smith without a rebound.
12:22 of 2nd period - Nic Dowd wins face-off versus Brock Nelson in Sharks zone.
12:22 of 2nd period - Nic Dowd is hit by Jack Hughes.
12:32 of 2nd period - Shot by Chandler Stephenson.
12:32 of 2nd period - Shot Blocked by Alexander Romanov.
13:03 of 2nd period - Chandler Stephenson is hit by Alexander Romanov and loses puck.
13:04 of 2nd period - Minor Penalty to Alexander Romanov for Roughing.
13:05 of 2nd period - Jack Eichel wins face-off versus Anthony Beauvillier in Canucks zone.
13:06 of 2nd period - Shot by William Nylander.
13:06 of 2nd period - Shot Blocked by Ian Cole.
13:08 of 2nd period - Shot by Erik Johnson.
13:08 of 2nd period - Stopped by Marc-Andre Fleury without a rebound.
13:09 of 2nd period - Jack Eichel wins face-off versus Anthony Beauvillier in Canucks zone.
13:22 of 2nd period - Adrian Kempe is hit by Vladimir Tarasenko and loses puck.
13:46 of 2nd period - Shot by Vladislav Gavrikov.
13:46 of 2nd period - Shot Blocked by Artem Zub.
13:48 of 2nd period - Shot by Vladislav Gavrikov.
13:48 of 2nd period - Shot Blocked by Ian Cole.
14:03 of 2nd period - Off-side.
14:04 of 2nd period - Chandler Stephenson wins face-off versus Brock Nelson in neutral zone.
14:41 of 2nd period - Shot by Nate Schmidt.
14:41 of 2nd period - Shot Misses the Net.
14:43 of 2nd period - Shot by Blake Coleman.
14:43 of 2nd period - Shot Misses the Net.
14:45 of 2nd period - Shot by J.T. Compher.
14:45 of 2nd period - Shot Misses the Net.
15:39 of 2nd period - Shot by Cal Clutterbuck.
15:39 of 2nd period - Shot Misses the Net.
15:41 of 2nd period - Shot by Cal Clutterbuck.
15:41 of 2nd period - Shot Misses the Net.
15:43 of 2nd period - Shot by Tyler Pitlick.
15:43 of 2nd period - Stopped by Marc-Andre Fleury with a rebound.
15:45 of 2nd period - Shot by Tyler Pitlick.
15:45 of 2nd period - Shot Misses the Net.
15:47 of 2nd period - Shot by Cal Clutterbuck.
15:47 of 2nd period - Shot Blocked by Alexander Romanov.
16:15 of 2nd period - Jared Spurgeon is hit by J.T. Compher.
16:24 of 2nd period - Vladislav Gavrikov is hit by P.K. Subban and loses puck.
16:31 of 2nd period - Jack Eichel is hit by Christian Fischer and loses puck.
16:45 of 2nd period - Off-side.
16:46 of 2nd period - Luke Glendening wins face-off versus Brock Nelson in neutral zone.
17:19 of 2nd period - Shot by Adrian Kempe.
17:19 of 2nd period - Stopped by Mike Smith without a rebound.
17:20 of 2nd period - Ryan Strome wins face-off versus Alexander Kerfoot in Sharks zone.
17:43 of 2nd period - William Nylander is hit by Anthony Beauvillier and loses puck.
18:18 of 2nd period - P.K. Subban is hit by Cal Clutterbuck and loses puck.
18:27 of 2nd period - Shot by Tyler Pitlick.
18:27 of 2nd period - Stopped by Marc-Andre Fleury without a rebound.
18:28 of 2nd period - Jack Eichel wins face-off versus Christian Fischer in Canucks zone.
18:28 of 2nd period - J.T. Compher is hit by Artem Zub and loses puck.
18:33 of 2nd period - Shot by J.T. Compher.
18:33 of 2nd period - Deflect By Jack Eichel.
18:33 of 2nd period - Shot Misses the Net.
18:40 of 2nd period - Jack Eichel is hit by Artem Zub and loses puck.
19:00 of 2nd period - Erik Johnson is hit by Artem Zub and loses puck.
19:35 of 2nd period - Nate Schmidt is hit by Austin Wagner and loses puck.
Goals for this period are 0 for Sharks vs 0 for Canucks.
Shots for this period are 8 for Sharks vs 9 for Canucks.

3rd period


0:01 of 3rd period - Brock Nelson wins face-off versus J.T. Compher in neutral zone.
0:12 of 3rd period - Shot by P.K. Subban.
0:12 of 3rd period - Stopped by Mike Smith without a rebound.
0:13 of 3rd period - Alexander Kerfoot wins face-off versus Luke Glendening in Sharks zone.
0:24 of 3rd period - Shot by Alexander Kerfoot.
0:24 of 3rd period - Shot Misses the Net.
0:51 of 3rd period - Vladislav Gavrikov is hit by Alexander Kerfoot and loses puck.
0:56 of 3rd period - Ian Cole is hit by Marcus Foligno and loses puck.
1:09 of 3rd period - Jack Eichel is hit by Brock Nelson and loses puck.
1:24 of 3rd period - Shot by Jack Eichel.
1:24 of 3rd period - Stopped by Marc-Andre Fleury without a rebound.
1:25 of 3rd period - Adam Brooks wins face-off versus Ryan Strome in Canucks zone.
1:43 of 3rd period - Minor Penalty to P.K. Subban for Diving.
1:44 of 3rd period - Brock Nelson wins face-off versus Jack Eichel in Canucks zone.
2:01 of 3rd period - Shot by Jack Eichel.
2:01 of 3rd period - Shot Blocked by Anthony Beauvillier.
2:03 of 3rd period - Shot by Alex Pietrangelo.
2:03 of 3rd period - Stopped by Marc-Andre Fleury without a rebound.
2:04 of 3rd period - Chandler Stephenson wins face-off versus Brock Nelson in Canucks zone.
2:07 of 3rd period - Shot by J.T. Compher.
2:07 of 3rd period - Stopped by Marc-Andre Fleury without a rebound.
2:08 of 3rd period - Chandler Stephenson wins face-off versus Brock Nelson in Canucks zone.
2:23 of 3rd period - Shot by Blake Coleman.
2:23 of 3rd period - Shot Blocked by Artem Zub.
2:25 of 3rd period - Shot by Nate Schmidt.
2:25 of 3rd period - Stopped by Marc-Andre Fleury with a rebound.
2:33 of 3rd period - Shot by J.T. Compher.
2:33 of 3rd period - Stopped by Marc-Andre Fleury without a rebound.
2:34 of 3rd period - Anthony Beauvillier wins face-off versus Jack Eichel in Canucks zone.
3:38 of 3rd period - Shot by Alex Pietrangelo.
3:38 of 3rd period - Shot Blocked by Anthony Beauvillier.
3:40 of 3rd period - Shot by J.T. Compher.
3:40 of 3rd period - Shot Blocked by Artem Zub.
3:50 of 3rd period - Shot by Tyler Pitlick.
3:50 of 3rd period - Stopped by Marc-Andre Fleury without a rebound.
3:51 of 3rd period - Nic Dowd wins face-off versus Arttu Ruotsalainen in Canucks zone.
4:20 of 3rd period - Shot by Cal Clutterbuck.
4:20 of 3rd period - Stopped by Marc-Andre Fleury without a rebound.
4:21 of 3rd period - Jack Hughes wins face-off versus Luke Glendening in Canucks zone.
4:31 of 3rd period - Icing by Jared Spurgeon.
4:32 of 3rd period - Jack Eichel wins face-off versus Brock Nelson in Canucks zone.
4:38 of 3rd period - Icing by Adrian Kempe.
4:39 of 3rd period - Jack Eichel wins face-off versus Adrian Kempe in Canucks zone.
4:39 of 3rd period - Jack Eichel is hit by P.K. Subban.
4:43 of 3rd period - Shot by J.T. Compher.
4:43 of 3rd period - Stopped by Marc-Andre Fleury with a rebound.
5:03 of 3rd period - Shot by Adrian Kempe.
5:03 of 3rd period - Shot Misses the Net.
5:05 of 3rd period - Shot by Adrian Kempe.
5:05 of 3rd period - Shot Misses the Net.
5:21 of 3rd period - Shot by Adrian Kempe.
5:21 of 3rd period - Shot Misses the Net.
5:37 of 3rd period - Shot by Alexander Kerfoot.
5:37 of 3rd period - Stopped by Mike Smith without a rebound.
5:38 of 3rd period - Ryan Strome wins face-off versus Alexander Kerfoot in Sharks zone.
5:42 of 3rd period - Icing by Vladislav Gavrikov.
5:43 of 3rd period - Ryan Strome wins face-off versus Alexander Kerfoot in Sharks zone.
5:43 of 3rd period - Ryan Strome is hit by Brock Nelson.
5:53 of 3rd period - Shot by Ryan Strome.
5:53 of 3rd period - Goal by Ryan Strome - Sharks : 2 - Canucks : 2.
5:54 of 3rd period - Arttu Ruotsalainen wins face-off versus Luke Glendening in neutral zone.
6:01 of 3rd period - Trevor Moore is hit by Philippe Myers and loses puck.
6:24 of 3rd period - Alexander Romanov is hit by Marcus Foligno and loses puck.
6:44 of 3rd period - Trevor Moore is hit by Philippe Myers and loses puck.
6:55 of 3rd period - Philippe Myers is hit by Adrian Kempe and loses puck.
7:07 of 3rd period - Jared Spurgeon is hit by Joel Edmundson and loses puck.
7:13 of 3rd period - Adrian Kempe is hit by Joel Edmundson and loses puck.
7:19 of 3rd period - Icing by Philippe Myers.
7:20 of 3rd period - Luke Glendening wins face-off versus Alexander Kerfoot in Sharks zone.
7:24 of 3rd period - Icing by Philippe Myers.
7:25 of 3rd period - Luke Glendening wins face-off versus Alexander Kerfoot in Sharks zone.
8:54 of 3rd period - Icing by Trevor Moore.
8:55 of 3rd period - Ryan Strome wins face-off versus Arttu Ruotsalainen in Canucks zone.
8:55 of 3rd period - William Nylander is hit by P.K. Subban and loses puck.
8:59 of 3rd period - Icing by Jared Spurgeon.
9:00 of 3rd period - Arttu Ruotsalainen wins face-off versus William Nylander in Canucks zone.
9:08 of 3rd period - Icing by Trevor Moore.
9:09 of 3rd period - Ryan Strome wins face-off versus Arttu Ruotsalainen in Canucks zone.
9:12 of 3rd period - Shot by Chandler Stephenson.
9:12 of 3rd period - Shot Misses the Net.
9:28 of 3rd period - Shot by Chandler Stephenson.
9:28 of 3rd period - Deflect By Ryan Strome.
9:28 of 3rd period - Stopped by Marc-Andre Fleury without a rebound.
9:29 of 3rd period - Nic Dowd wins face-off versus Adam Brooks in Canucks zone.
9:36 of 3rd period - Shot by Tyler Pitlick.
9:36 of 3rd period - Stopped by Marc-Andre Fleury without a rebound.
9:37 of 3rd period - Arttu Ruotsalainen wins face-off versus Jack Eichel in Canucks zone.
9:54 of 3rd period - Shot by Arttu Ruotsalainen.
9:54 of 3rd period - Stopped by Mike Smith without a rebound.
9:55 of 3rd period - Alexander Kerfoot wins face-off versus Ryan Strome in Sharks zone.
10:18 of 3rd period - Shot by Nate Schmidt.
10:18 of 3rd period - Shot Misses the Net.
10:20 of 3rd period - Shot by Chandler Stephenson.
10:20 of 3rd period - Goal by Chandler Stephenson - Sharks : 3 - Canucks : 2.
10:21 of 3rd period - Arttu Ruotsalainen wins face-off versus Jack Eichel in neutral zone.
10:21 of 3rd period - Arttu Ruotsalainen is hit by Vladimir Tarasenko.
10:53 of 3rd period - Shot by Vladimir Tarasenko.
10:53 of 3rd period - Deflect By Jack Eichel.
10:53 of 3rd period - Stopped by Marc-Andre Fleury without a rebound.
10:54 of 3rd period - Brock Nelson wins face-off versus William Nylander in Canucks zone.
10:56 of 3rd period - Icing by Jack Hughes.
10:57 of 3rd period - Ryan Strome wins face-off versus Brock Nelson in Canucks zone.
11:09 of 3rd period - Icing by Ryan Strome.
11:10 of 3rd period - Alexander Kerfoot wins face-off versus Ryan Strome in Sharks zone.
11:21 of 3rd period - Shot by Alexander Kerfoot.
11:21 of 3rd period - Shot Misses the Net.
11:23 of 3rd period - Shot by P.K. Subban.
11:23 of 3rd period - Shot Blocked by Alex Pietrangelo.
11:27 of 3rd period - Shot by Alexander Kerfoot.
11:27 of 3rd period - Shot Misses the Net.
11:33 of 3rd period - Shot by Brock Nelson.
11:33 of 3rd period - Shot Misses the Net.
11:37 of 3rd period - Shot by Brock Nelson.
11:37 of 3rd period - Shot Misses the Net.
11:45 of 3rd period - Shot by Alexander Kerfoot.
11:45 of 3rd period - Stopped by Mike Smith without a rebound.
11:46 of 3rd period - Jack Eichel wins face-off versus Arttu Ruotsalainen in Sharks zone.
11:56 of 3rd period - Shot by David Backes.
11:56 of 3rd period - Shot Misses the Net.
11:58 of 3rd period - Shot by David Backes.
11:58 of 3rd period - Stopped by Mike Smith without a rebound.
11:59 of 3rd period - Adam Brooks wins face-off versus Luke Glendening in Sharks zone.
12:27 of 3rd period - Shot by Blake Coleman.
12:27 of 3rd period - Deflect By Luke Glendening.
12:27 of 3rd period - Shot Blocked by Alexander Romanov.
12:29 of 3rd period - Shot by Marcus Foligno.
12:29 of 3rd period - Stopped by Marc-Andre Fleury without a rebound.
12:30 of 3rd period - Jack Eichel wins face-off versus Brock Nelson in Canucks zone.
12:45 of 3rd period - Shot by Jack Hughes.
12:45 of 3rd period - Stopped by Mike Smith without a rebound.
12:46 of 3rd period - Ryan Strome wins face-off versus Alexander Kerfoot in Sharks zone.
13:05 of 3rd period - Shot by William Nylander.
13:05 of 3rd period - Shot Misses the Net.
13:27 of 3rd period - Erik Johnson is hit by Anthony Beauvillier.
13:28 of 3rd period - Icing by Erik Johnson.
13:29 of 3rd period - Arttu Ruotsalainen wins face-off versus Chandler Stephenson in Sharks zone.
13:32 of 3rd period - Shot by Trevor Moore.
13:32 of 3rd period - Deflect By Arttu Ruotsalainen.
13:32 of 3rd period - Stopped by Mike Smith without a rebound.
13:33 of 3rd period - Arttu Ruotsalainen wins face-off versus Jack Eichel in Sharks zone.
13:33 of 3rd period - Minor Penalty to Alex Pietrangelo for Holding.
13:34 of 3rd period - Brock Nelson wins face-off versus J.T. Compher in Sharks zone.
13:35 of 3rd period - Shot by Adrian Kempe.
13:35 of 3rd period - Shot Blocked by Joel Edmundson.
13:37 of 3rd period - Shot by Jared Spurgeon.
13:37 of 3rd period - Shot Blocked by Blake Coleman.
13:39 of 3rd period - Shot by Adrian Kempe.
13:39 of 3rd period - Shot Misses the Net.
13:41 of 3rd period - Shot by Brock Nelson.
13:41 of 3rd period - Shot Blocked by Joel Edmundson.
14:01 of 3rd period - Shot by Brock Nelson.
14:01 of 3rd period - Stopped by Mike Smith without a rebound.
14:02 of 3rd period - Alexander Kerfoot wins face-off versus Nic Dowd in Sharks zone.
14:23 of 3rd period - Shot by Artem Zub.
14:23 of 3rd period - Shot Misses the Net.
15:27 of 3rd period - Shot by Jared Spurgeon.
15:27 of 3rd period - Shot Misses the Net.
15:55 of 3rd period - Minor Penalty to Dakota Mermis for Hooking.
15:56 of 3rd period - Anthony Beauvillier wins face-off versus Jack Eichel in Canucks zone.
16:48 of 3rd period - Shot by Alex Pietrangelo.
16:48 of 3rd period - Stopped by Marc-Andre Fleury without a rebound.
16:49 of 3rd period - Anthony Beauvillier wins face-off versus J.T. Compher in Canucks zone.
17:06 of 3rd period - Shot by J.T. Compher.
17:06 of 3rd period - Shot Blocked by Anthony Beauvillier.
17:08 of 3rd period - Shot by Nate Schmidt.
17:08 of 3rd period - Shot Misses the Net.
17:15 of 3rd period - Shot by Alex Pietrangelo.
17:15 of 3rd period - Shot Misses the Net.
17:47 of 3rd period - Icing by William Nylander.
17:48 of 3rd period - Jack Eichel wins face-off versus Brock Nelson in Sharks zone.
18:03 of 3rd period - Philippe Myers is hit by Alexander Romanov and loses puck.
18:07 of 3rd period - Tyler Pitlick is hit by Alexander Romanov and loses puck.
18:17 of 3rd period - Nic Dowd is hit by Dakota Mermis and loses puck.
18:30 of 3rd period - Shot by Adam Brooks.
18:30 of 3rd period - Shot Misses the Net.
18:51 of 3rd period - Icing by Joel Edmundson.
18:52 of 3rd period - Nic Dowd wins face-off versus Alexander Kerfoot in Sharks zone.
19:04 of 3rd period - Icing by P.K. Subban.
19:05 of 3rd period - J.T. Compher wins face-off versus Alexander Kerfoot in Canucks zone.
19:10 of 3rd period - Shot by J.T. Compher.
19:10 of 3rd period - Stopped by Marc-Andre Fleury without a rebound.
19:11 of 3rd period - Luke Glendening wins face-off versus Jack Hughes in Canucks zone.
19:15 of 3rd period - Icing by Jared Spurgeon.
19:16 of 3rd period - Luke Glendening wins face-off versus Jack Hughes in Canucks zone.
19:31 of 3rd period - Canucks, Marc-Andre Fleury is pulled from the net.
19:42 of 3rd period - Shot by Adrian Kempe.
19:42 of 3rd period - Stopped by Mike Smith without a rebound.
19:43 of 3rd period - Brock Nelson wins face-off versus Luke Glendening in Sharks zone.
19:48 of 3rd period - Shot by P.K. Subban.
19:48 of 3rd period - Goal by P.K. Subban - Sharks : 3 - Canucks : 3.
19:48 of 3rd period - Marc-Andre Fleury from Canucks was sent back in the game.
19:49 of 3rd period - Alexander Kerfoot wins face-off versus Ryan Strome in neutral zone.
Goals for this period are 2 for Sharks vs 1 for Canucks.
Shots for this period are 16 for Sharks vs 10 for Canucks.

Overtime #1


0:01 of 1st overtime period - Adrian Kempe wins face-off versus Jack Eichel in neutral zone.
0:19 of 1st overtime period - Shot by Jack Eichel.
0:19 of 1st overtime period - Stopped by Marc-Andre Fleury without a rebound.
0:20 of 1st overtime period - Jack Eichel wins face-off versus Brock Nelson in Canucks zone.
0:23 of 1st overtime period - Shot by Jack Eichel.
0:23 of 1st overtime period - Stopped by Marc-Andre Fleury without a rebound.
0:24 of 1st overtime period - Jack Eichel wins face-off versus Brock Nelson in Canucks zone.
0:35 of 1st overtime period - Shot by Jack Eichel.
0:35 of 1st overtime period - Stopped by Marc-Andre Fleury without a rebound.
0:36 of 1st overtime period - Brock Nelson wins face-off versus Jack Eichel in Canucks zone.
1:14 of 1st overtime period - Icing by Jack Eichel.
1:15 of 1st overtime period - Jack Hughes wins face-off versus Jack Eichel in Sharks zone.
1:37 of 1st overtime period - Icing by Anthony Beauvillier.
1:38 of 1st overtime period - Jack Hughes wins face-off versus Ryan Strome in Canucks zone.
1:45 of 1st overtime period - Shot by Jack Hughes.
1:45 of 1st overtime period - Goal by Jack Hughes - Sharks : 3 - Canucks : 4.
Goals for this period are 0 for Sharks vs 1 for Canucks.
Shots for this period are 3 for Sharks vs 1 for Canucks.